 Dungeon Crawl Stone Soup version 0.31-a0-237-g2d982f9f85 (webtiles) character file.

Game seed: 5971357025029094746

772 qw the Shooter (level 7, -2/43 HPs)
             Began as a Gargoyle Hexslinger on July 11, 2023.
             Slain by Pikel
             ... wielding a +0 whip of freezing
              (8 damage)
             ... on level 4 of the Dungeon.
             The game lasted 00:01:15 (2569 turns).

qw the Shooter (Gargoyle Hexslinger)                Turns: 2569, Time: 00:01:15

Health: -2/43      AC: 11    Str:  9 (12) XL:     7   Next: 83%
Magic:  8/8        EV: 10    Int: 11 (13) God:
Gold:   637        SH:  0    Dex: 13 (14) Spells: 7/8 levels left

rFire   . . .        Y - +0 orcbow (drain)
rCold   . . .        (shield currently unavailable)
rNeg    + . .        j - +0 ring mail
rPois   inf          d - +0 helmet
rElec   +            (no cloak)
rCorr   .            (no gloves)
SInv    .            (no boots)
Will    .....        (no amulet)
Stlth   +            (no ring)
HPRegen 0.27/turn    (no ring)
MPRegen 0.11/turn

%: no passive effects
@: no status effects
A: sickness immunity, AC +4, negative energy resistance 1, electricity
resistance, torment resistance 1, petrification resistance
a: no special abilities


You were on level 4 of the Dungeon.
You visited 1 branch of the dungeon, and saw 4 of its levels.

You collected 637 gold pieces.


Innate Abilities, Weirdness & Mutations

You are immune to sickness and miasma.
Your stone body is resilient. (AC +4)
You are immune to poison.
You resist negative energy. (rN+)
You are resistant to electric shocks. (rElec)
You are resistant to unholy torment.
You are immune to petrification.


   Skills:
 - Level 4.1 Fighting
 + Level 7.7 Ranged Weapons
 - Level 1.0 Armour
 - Level 1.5 Dodging
 - Level 1.0 Spellcasting
 - Level 2.6 Hexes


You had 7 spell levels left.
You knew the following spells:

 Your Spells              Type           Power      Damage    Failure   Level
a - Slow                  Hex            24%        N/A       30%         1

Your spell library contained the following spells:

 Spells                   Type           Power      Damage    Failure   Level
 Inner Flame              Hex/Fire       3%         N/A       83%         3
 Portal Projectile        Hex/Tloc       6%         N/A       83%         3
 Cause Fear               Hex            3%         N/A       96%         4

Inventory:

Hand Weapons
 Y - a +0 orcbow of draining (weapon)
Armour
 d - a +0 helmet (worn)
 j - a +0 ring mail (worn)
Scrolls
 b - a scroll of teleportation
 c - a scroll of immolation {unknown}
 k - a scroll of identify
Potions
 a - a potion of enlightenment {unknown}
 e - a potion of might {unknown}
 f - a potion of curing {unknown}
 g - a potion of ambrosia {unknown}
 i - a potion of brilliance {unknown}

Dungeon Overview and Level Annotations

Branches:
Dungeon (4/15)
 Temple: D:4-7

Altars:

Shops:
D:1 ?   D:3 (

Annotations:
D:4 Pikel


Message History

The arrow hits Pikel but does no damage.
Pikel is heavily wounded.
Pikel closely misses you.
You shoot an arrow. The arrow barely misses Pikel.
The arrow hits the lemure.
The lemure is lightly wounded.
Pikel closely misses you.
You shoot an arrow.
The arrow hits Pikel but does no damage.
Pikel is heavily wounded.
Pikel closely misses you.
Pikel hits you with a +0 whip of freezing.
Pikel freezes you.
You shoot an arrow. The arrow hits Pikel.
Pikel is heavily wounded.
Pikel hits you but does no damage.
You shoot an arrow.
The arrow hits Pikel but does no damage.
Pikel is heavily wounded.
Pikel completely misses you.
You shoot an arrow. The arrow closely misses Pikel.
The arrow hits the lemure!
The lemure is moderately wounded.
Pikel hits you with a +0 whip of freezing.
Pikel freezes you.
You shoot an arrow. The arrow closely misses Pikel.
The arrow completely misses the lemure.
Pikel barely misses you. Pikel misses you.
You shoot an arrow. The arrow closely misses Pikel.
The arrow barely misses the lemure.
Pikel hits you with a +0 whip of freezing.
Pikel freezes you.
You shoot an arrow. The arrow misses Pikel.
The arrow completely misses the lemure.
Pikel hits you with a +0 whip of freezing!
Pikel freezes you.
You shoot an arrow. The arrow hits Pikel.
You drain Pikel.
Pikel is almost dead.
Pikel hits you with a +0 whip of freezing.
Pikel freezes you.
Pikel hits you with a +0 whip of freezing!
You die...

### ..# #.# #.# #.# #.#
#.###### ###.### #.##...#
.....# # #.##...###
####.#.##.######........#
#.......................#
#.##.#.##.### #@.......#
#.##%#.# #K##.).###
..)<.#.# #55#...#
..####.# ##5##.## ..# #.#
.##%# ..# #.# # .##.#
..####.##.# .##.#
..........# .##.#
.......#### #.#


You could see Pikel (drained) and 3 lemures.

Vanquished Creatures
  Grinder (D:3)
  Edmund (D:4)
  A lemure (D:4)
  A scorpion (D:3)
  4 jellies
  An iguana (D:2)
  Natasha (twice) (D:3)
  Terence (D:2)
  2 hound zombies (D:3)
  A hound skeleton (D:3)
  Robin (D:3)
  4 adders
  An adder skeleton (D:3)
  2 adder zombies (D:3)
  A worm (D:3)
  2 dart slugs
  An orc (D:4)
  2 ball pythons
  14 endoplasms
  6 giant cockroaches
  14 goblins
  12 hobgoblins
  5 quokkas
  2 bats
  2 frilled lizards (D:1)
  A jackal skeleton (D:3)
  11 kobolds
  5 rats
101 creatures vanquished.

Notes
Turn   | Place    | Note
-------+----------+-------------------------------------------
     0 | D:1      | qw the Gargoyle Hexslinger began the quest for the Orb.
     0 | D:1      | Reached XP level 1. HP: 12/12 MP: 2/2
     0 | D:1      | 0 ||| qw: Version: 0.3-a-52-g30416fa
     0 | D:1      | 0 ||| qw: Game counter: 5542
     0 | D:1      | 0 ||| qw: Melee chars always use a shield: true
     0 | D:1      | 0 ||| qw: God list: Okawaru
     0 | D:1      | 0 ||| qw: Allow faded altars: false
     0 | D:1      | 0 ||| qw: Do Orc after clearing Dungeon:15 true
     0 | D:1      | 0 ||| qw: Do second Lair branch before Depths: true
     0 | D:1      | 0 ||| qw: Lair rune preference: random
     0 | D:1      | 0 ||| qw: Goals: Normal
     0 | D:1      | 0 ||| PLANNING D:1-11
    48 | D:1      | Reached XP level 2. HP: 16/16 MP: 3/3
   144 | D:1      | Reached skill level 3 in Ranged Weapons
   179 | D:1      | Found a faded altar of an unknown god.
   241 | D:1      | Reached XP level 3. HP: 21/21 MP: 4/4
   611 | D:1      | Found Coanwed's Magic Scroll Shoppe.
   614 | D:1      | 614 ||| SHOPLISTING scroll of identify (24 gold, have 12).
   614 | D:1      | 614 ||| SHOPLISTING scroll of teleportation (36 gold, have
                  | 12).
   764 | D:1      | 764 ||| READING scroll labelled XETEIF IRISU.
   769 | D:1      | 769 ||| READING scroll labelled LIASO ESALETEN.
   769 | D:1      | Identified a scroll of acquirement
   769 | D:1      | 769 ||| ACQUIRING +0 orcbow of draining
   769 | D:1      | Acquired a +0 orcbow of draining
   771 | D:1      | 771 ||| SWAPPING to +0 orcbow of draining.
   772 | D:1      | 772 ||| DROPPING +1 sling.
   773 | D:1      | 773 ||| READING scroll labelled WEYKHEOJU.
   774 | D:1      | 774 ||| READING scroll labelled VILEICYGIA.
   775 | D:1      | 775 ||| DROPPING scroll of poison.
  1203 | D:2      | Reached skill level 4 in Ranged Weapons
  1203 | D:2      | Reached XP level 4. HP: 26/26 MP: 5/5
  1212 | D:2      | Noticed Terence
  1215 | D:2      | Killed Terence
  1296 | D:2      | 1296 ||| UPGRADING to +0 leather armour.
  1306 | D:2      | 1306 ||| DROPPING +0 robe.
  1307 | D:2      | 1307 ||| UPGRADING to +0 ring mail.
  1317 | D:2      | 1317 ||| DROPPING +0 leather armour.
  1318 | D:2      | 1318 ||| READING scroll labelled GENYOMEKUA.
  1319 | D:2      | 1319 ||| READING scroll labelled PEMAEGH ISUH.
  1385 | D:3      | Reached skill level 1 in Armour
  1413 | D:3      | Reached XP level 5. HP: 27/30 MP: 6/6
  1443 | D:3      | Noticed Robin
  1448 | D:3      | Killed Robin
  1528 | D:3      | Reached skill level 5 in Ranged Weapons
  1559 | D:3      | Noticed Natasha
  1562 | D:3      | Killed Natasha
  1563 | D:3      | Reached skill level 3 in Fighting
  1608 | D:3      | Found Voigan's Weapon Boutique.
  1633 | D:3      | Reached XP level 6. HP: 37/37 MP: 7/7
  1646 | D:3      | Noticed Grinder
  1661 | D:3      | Killed Grinder
  1662 | D:3      | Reached skill level 6 in Ranged Weapons
  1662 | D:3      | Reached XP level 7. HP: 16/41 MP: 8/8
  1823 | D:3      | 1823 ||| READING scroll of acquirement.
  1823 | D:3      | 1823 ||| ACQUIRING 470 gold pieces
  1823 | D:3      | Acquired 470 gold pieces
  1878 | D:3      | 1878 ||| Stepping ~*~*~tactically~*~*~ (outnumbered).
  2256 | D:3      | 2256 ||| UPGRADING to +0 helmet.
  2261 | D:3      | 2261 ||| DRINKING 2 white potions.
  2262 | D:3      | 2262 ||| DRINKING 2 purple potions.
  2305 | D:3      | 2305 ||| DROPPING potion of degeneration.
  2306 | D:3      | 2306 ||| DROPPING potion of lignification.
  2339 | D:3      | Noticed Natasha
  2346 | D:3      | Killed Natasha
  2357 | D:4      | Reached skill level 7 in Ranged Weapons
  2386 | D:4      | Noticed Edmund
  2395 | D:4      | Killed Edmund
  2546 | D:4      | Noticed Pikel
  2569 | D:4      | HP: 7/43 [Pikel/+0 whip of freezing (5)]
  2569 | D:4      | Slain by Pikel

Levels and vault maps discovered:
D:1:      lemuel_arrival_river_bridge, layout_rooms, serial_shops,
          nicolae_shop_rolled_up, hellmonk_ecumenical_altar_slurped_away
D:2:      layout_loops_ring, uniq_terence
D:3:      cheibrodos_fertilizer, layout_loops_ring, serial_undead,
          serial_undead_c, serial_undead_a, serial_undead_f, serial_undead_b,
          serial_undead_f, serial_undead_e, serial_shops,
          nicolae_shop_tiny_waterfront, uniq_robin, uniq_grinder, uniq_natasha
D:4:      layout_loops_ring, uniq_duvessa, uniq_edmund, uniq_pikel

Skill      XL: |  1  2  3  4  5  6  7 |
---------------+----------------------+-----
Ranged Weapons | 3 4 5 6 7 |  7.7
Fighting       | 2 3 4 |  4.1
Armour         | 1 |  1.0
Dodging        | |  1.5
Spellcasting   | |  1.0
Hexes          | |  2.6

Action                     |  1- 3 |  4- 6 |  7- 9 || total
---------------------------+-------+-------+-------++-------
   Fire: Sling             |    86 |       |       ||    86
         Orcbow            |    46 |    98 |    99 ||   243
    Use: Scroll            |     4 |     2 |     1 ||     7
         Potion            |       |       |     2 ||     2
 Armour: Robe              |    12 |       |       ||    12
         Ring mail         |       |    47 |    19 ||    66
  Dodge: Dodged            |    25 |    30 |    37 ||    92

Table legend:
 A = Non-vault XP
 B = Vault XP
 C = Vault XP percentage of total XP
 D = Non-vault monster count
 E = Vault monster count
 F = Vault count percentage of total count
                 A         B        C        D         E       F
            +---------+---------+-------+---------+---------+-------
      Total |     340 |     764 |  69.2 |      59 |      41 |  41.0
            +---------+---------+-------+---------+---------+-------
        D:1 |      41 |       2 |   4.7 |      22 |       1 |   4.3
        D:2 |      70 |      32 |  31.4 |      20 |       1 |   4.8
        D:3 |     158 |     564 |  78.1 |      12 |      38 |  76.0
        D:4 |      71 |     166 |  70.0 |       5 |       1 |  16.7
            +---------+---------+-------+---------+---------+-------
